 Dungeon Crawl Stone Soup version 0.27-a0-1512-g99fd57bada (webtiles) character file.

Game seed: 4130541458749933555

333 Froggeryz the Chopper (level 6, -1/40 (50) HPs)
             Began as a Palentonga Abyssal Knight on July 9, 2021.
             Was a Believer of Lugonu.
             Slain by a wight (3 damage)
             ... on level 4 of the Dungeon.
             The game lasted 00:04:51 (4529 turns).

Froggeryz the Chopper (Palentonga Abyssal Knight)   Turns: 4529, Time: 00:04:51

HP:   -1/40 (50)    AC:  9    Str: 18    XL:     6   Next: 27%
MP:   8/8           EV:  9    Int: 12    God:    Lugonu [**....]
Gold: 126           SH:  0    Dex:  9    Spells: 5/5 levels left

rFire    . . .     SeeInvis +   a - +1 hand axe
rCold    . . .     Faith    .   (no shield)
rNeg     . . .     Spirit   .   b - +0 leather armour
rPois    .         Reflect  .   j - +1 helmet
rElec    .         Harm     .   w - +2 cloak
rCorr    .         Rampage  .   (no gloves)
Will     .....                  (no barding)
Stlth    +.........             (no amulet)
HPRegen  0.13/turn              (no ring)
MPRegen  0.11/turn              (no ring)

@: heavily drained
A: large, rugged brown scales 3, see invisible, deformed body, roll 1, armoured
tail
a: Rolling Charge, Renounce Religion, Depart the Abyss, Bend Space


You were on level 4 of the Dungeon.
You worshipped Lugonu.
Lugonu was pleased with you.
You visited 1 branch of the dungeon, and saw 4 of its levels.
You visited the Abyss 1 time.

You collected 126 gold pieces.

Inventory:

Hand Weapons
 a - a +1 hand axe (weapon)
 u - a +0 war axe
Missiles
 m - 9 poisoned darts
 o - 5 javelins
Armour
 b - a +0 leather armour (worn)
 j - a +1 helmet (worn)
 w - a +2 cloak (worn)
Wands
 h - a wand of flame (5)
 p - a wand of paralysis (5)
 q - a wand of acid (11)
 t - a wand of polymorph (10)
Scrolls
 c - 5 scrolls of identify {unknown}
 d - a scroll of enchant weapon {unknown}
 e - a scroll of teleportation {unknown}
 g - a scroll of amnesia {unknown}
Potions
 f - a potion of flight {unknown}
 i - 2 potions of curing
 k - a potion of might {unknown}
 l - a potion of haste {unknown}
 n - a potion of lignification {unknown}
 r - a potion of heal wounds {unknown}
 v - a potion of berserk rage {unknown}


   Skills:
 - Level 3.0 Fighting
 * Level 5.9 Axes
 - Level 1.5 Armour
 - Level 1.2 Dodging
 + Level 3.5 Invocations


You had 5 spell levels left.
You didn't know any spells.
Your spell library contained the following spells:

 Spells                   Type           Power      Damage    Failure   Level
 Poisonous Vapours        Pois/Air       0%         N/A       52%         2
 Mephitic Cloud           Conj/Pois/Air  0%         N/A       75%         3
 Freezing Cloud           Conj/Ice/Air   0%         6-21      100%        5


Dungeon Overview and Level Annotations

Branches:
Dungeon (4/15)
 Temple: D:4-7

Altars:
Gozag
Kikubaaqudgha
Vehumet


Innate Abilities, Weirdness & Mutations

You are completely covered in rugged brown scales. (AC +3, +7% HP)
You have supernaturally acute eyesight. (SInv)
Armour fits poorly on your strangely shaped body.
You can roll at nearby foes to attack.
You have a long armoured tail.


Message History

You climb downwards.
There is a stone staircase leading up here.
Roll where?
Press: ? - help, Dir - move target, f - wight
Aim: a wight, wielding a +4 spear of freezing and wearing a +0 robe You roll forward with a clatter of scales!
You hit the wight but do no damage.
The wight hits you with a +4 spear of freezing!
You feel drained. The wight freezes you.
Unknown command.
You hit the wight but do no damage. You tail-slap the wight!
The wight is heavily damaged.
The wight hits you with a +4 spear of freezing.
The wight freezes you.
You hit the wight.
The wight is severely damaged.
The wight hits you with a +4 spear of freezing!
The wight freezes you.
You hit the wight.
The wight is almost destroyed.
The wight hits you with a +4 spear of freezing!
* * * LOW HITPOINT WARNING * * *
The wight freezes you.
* * * LOW HITPOINT WARNING * * *
Aiming: Corrosive Bolt
Press: ? - help, Shift-Dir - straight line, f/p - wight
Aim: a wight, wielding a +4 spear of freezing and wearing a +0 robe (almost destroyed, 71% to hit)
The bolt of acid misses the wight.
The wight barely misses you.
You hit the wight.
The wight is almost destroyed.
The wight hits you with a +4 spear of freezing.
* * * LOW HITPOINT WARNING * * *
The wight freezes you.
* * * LOW HITPOINT WARNING * * *
Aiming: Corrosive Bolt
Press: ? - help, Shift-Dir - straight line, f/p - wight
Aim: a wight, wielding a +4 spear of freezing and wearing a +0 robe (almost destroyed, 71% to hit)
The bolt of acid misses the wight.
The wight hits you with a +4 spear of freezing.
You die...

# ##... ##.......
..############# #..#...
#............#####...##
##.........<.##.....#>.
......(.....###..[..###
...................)..#
###########..)#...[.#..#
#<..#..>........
#@........##.....
#z..#.....# #....
#...#.....# ....
#.........# ...
#####....... #.....>##
#.##..... #.. .....


You could see a wight.

Vanquished Creatures
  2 wights
  A hound (D:3)
  Crazy Yiuf (D:3)
  Jessica (D:2)
  Ijyb (D:3)
  An orc wizard (D:3)
  Robin (D:1)
  3 adders
  8 orcs
  2 bats
  8 endoplasms
  A giant cockroach (D:1)
  11 goblins
  12 hobgoblins
  2 ball pythons (D:1)
  6 frilled lizards
  4 kobolds
  3 rats
68 creatures vanquished.

Notes
Turn   | Place    | Note
-------+----------+-------------------------------------------
     0 | Abyss:1  | Froggeryz the Palentonga Abyssal Knight began the quest for
                  | the Orb.
     0 | Abyss:1  | Reached XP level 1. HP: 19/19 MP: 2/2
    30 | Abyss:1  | Noticed a hellwing
    35 | D:1      | Escaped the Abyss
   142 | D:1      | Reached XP level 2. HP: 16/25 MP: 3/3
   882 | D:1      | Reached skill level 3 in Axes
   936 | D:1      | Reached * piety under Lugonu
  1003 | D:1      | Found a faded altar of an unknown god.
  1455 | D:2      | Noticed Jessica
  1460 | D:2      | Killed Jessica
  1461 | D:2      | Reached skill level 4 in Axes
  1461 | D:2      | Reached XP level 3. HP: 23/31 MP: 4/4
  1869 | D:2      | Noticed Robin
  2075 | D:1      | Killed Robin
  2076 | D:1      | Reached skill level 1 in Dodging
  2076 | D:1      | Reached XP level 4. HP: 25/37 MP: 5/5
  2533 | D:3      | Found an opulent altar of Gozag.
  2593 | D:3      | Found a radiant altar of Vehumet.
  2798 | D:3      | Found a runed translucent door.
  2799 | D:3      | Noticed Crazy Yiuf
  2978 | D:3      | Noticed Ijyb
  2986 | D:3      | Reached XP level 5. HP: 39/43 MP: 6/6
  2989 | D:3      | Killed Ijyb
  2990 | D:3      | Reached skill level 5 in Axes
  3249 | D:3      | Killed Crazy Yiuf
  3448 | D:4      | Found an ancient bone altar of Kikubaaqudgha.
  3463 | D:3      | Reached ** piety under Lugonu
  4059 | D:3      | Reached XP level 6. HP: 12/44 MP: 8/8
  4528 | D:4      | HP: 2/40 [wight (1)]
  4529 | D:4      | Slain by a wight

Illustrated notes

Levels and vault maps discovered:
D:1:      lightli_arrival_noodles, layout_basic,
          shapermc_ecumenical_altar_pompeii, chequers_serial_rivers_micro_b
D:2:      layout_loops_corners, minmay_liquid_box, uniq_jessica, uniq_robin
D:3:      layout_basic, old_standard_altar, nicolae_vehumet_radiance,
          st_stairs_12, uniq_crazy_yiuf_cottage, uniq_ijyb
D:4:      layout_rooms, grunt_temple_overflow_order_and_chaos_2,
          mainiacjoe_overflow_chevrons, serial_curves, eino_curves_02,
          eino_curves_02, eino_curves_01, eino_curves_01

Skill      XL: |  1  2  3  4  5 |
---------------+----------------+-----
Axes           | 4 5 |  5.9
Dodging        | 1 |  1.2
Invocations    | 3 |  3.5
Fighting       | |  3.0
Armour         | |  1.5

Action                   |  1- 3 |  4- 6 || total
-------------------------+-------+-------++-------
Melee: Hand axe          |    93 |   117 ||   210
       Tailslap          |     5 |    16 ||    21
Invok: Depart the Abyss  |     1 |       ||     1
 Abil: Rolling Charge    |     5 |     6 ||    11
Evoke: Wand              |       |     8 ||     8
 Stab: Paralysed         |       |    11 ||    11
Armor: Leather armour    |    24 |    51 ||    75
Dodge: Dodged            |    38 |    47 ||    85

Table legend: (Time is in decaauts)
 A = Elapsed time spent in this place.
 B = Non-inter-level travel time spent in this place.
 C = Inter-level travel time spent in this place.
 D = Time resting spent in this place.
 E = Time spent auto-exploring this place.
 F = Levels seen in this place.
 G = Mean time per level.
                   A        B        C        D        E       F      G
               +--------+--------+--------+--------+--------+-----+--------+
         Total |   4561 |   4469 |     92 |   1264 |   2629 |   5 |  912.2 |
       Dungeon |   4526 |   4434 |     92 |   1264 |   2599 |   4 | 1131.5 |
         Abyss |     35 |     35 |      0 |      0 |     30 |   1 |   35.0 |
               +--------+--------+--------+--------+--------+-----+--------+

Top non-repeatable levels by time:
     D:3: 1936 daAuts
     D:2: 1315 daAuts
     D:1: 1193 daAuts
     D:4: 81 daAuts
 Abyss:1: 35 daAuts
